 Dungeon Sprint DCSS version 0.27.1-33-g824d729ab1 (webtiles) character file.

Game seed: 14214050027464964454

3788 Hipnos the Ninja (level 9, -4/47 HPs)
             Began as a Spriggan Brigand on Nov 26, 2021.
             Was a Priest of Trog.
             Slain by a demonic crawler (6 damage)
             ... in the Dungeon (Sprint I: "Red Sonja").
             The game lasted 00:04:21 (1460 turns).

Hipnos the Ninja (Spriggan Brigand)                 Turns: 1460, Time: 00:04:22

Health: -4/47      AC:  3    Str:  7    XL:     9   Next: 95%
Magic:  10/10      EV: 20    Int: 13    God:    Trog [***...]
Gold:   617        SH:  0    Dex: 19    Spells: 8/8 levels left

rFire    . . .     SeeInvis +   a - +2 dagger
rCold    + . .     Faith    .   (shield restricted)
rNeg     . . .     Spirit   .   b - +0 robe
rPois    .         Reflect  .   m - +0 hat of Divine Compulsion {rC+}
rElec    .         Harm     .   c - +0 cloak
rCorr    +         Rampage  .   (gloves unavailable)
Will     +....     NoTele   +   (boots unavailable)
Stlth    ++++++++++             (no amulet)
HPRegen  0.15/turn              o - ring of resist corrosion
MPRegen  0.12/turn              (no ring)

@: on berserk cooldown, hasted and slowed, very quick
A: very small, no large weapons, unfitting armour, see invisible, speed 3
a: Renounce Religion, Berserk, Trog's Hand


You were in the Dungeon.
You worshipped Trog.
Trog was most pleased with you.
You visited 1 branch You collected 963 gold pieces.
You spent 346 gold pieces at shops.

Inventory:

Hand Weapons
 a - a +2 dagger (weapon)
Missiles
 d - 8 poisoned darts (quivered)
 e - 7 curare-tipped darts
Armour
 b - a +0 robe (worn)
 c - a +0 cloak (worn)
 m - the +0 hat of Divine Compulsion (worn) {rC+}
   (You bought it in a shop in the Dungeon)

   rC:        It protects you from cold.
Jewellery
 o - a ring of resist corrosion (left hand)
Wands
 l - a wand of digging (6)
Scrolls
 k - a scroll of blinking
 q - a scroll of magic mapping {unknown}
 r - a scroll of vulnerability {unknown}
Potions
 f - 4 potions of curing
 g - a potion of heal wounds
 h - 2 potions of haste
 i - 2 potions of magic
 j - a potion of berserk rage
 n - a potion of might {unknown}
 p - a potion of brilliance {unknown}


   Skills:
 + Level 5.1 Fighting
 + Level 7.6 Short Blades
 + Level 5.3 Throwing
 + Level 5.5 Dodging
 O Level 27 Stealth


You had 8 spell levels left.
You didn't know any spells.
Your spell library was empty.

Dungeon Overview and Level Annotations

Branches:
Dungeon (1/1)

Altars:
Cheibriados
Dithmenos
Elyvilon
Fedhas
Gozag
Hepliaklqana
Kikubaaqudgha
Makhleb
Nemelex Xobeh
Okawaru
Qazlal
Ru
Sif Muna
Trog
Uskayaw
Vehumet
Wu Jian
Xom
Yredelemnul
Zin
The Shining One
Jiyva
Lugonu

Shops:
D *?[

Annotations:
D exclusion: oklob plant


Innate Abilities, Weirdness & Mutations

You are very small and have problems with some larger weapons.
You are too small for most types of armour.
You have supernaturally acute eyesight. (SInv)
You cover ground extremely quickly. (Speed+++)


Message History

There is an open door here.
A red film seems to cover your vision as you go berserk!
You feel yourself moving faster!
You feel mighty!
You puncture the demonic crawler!
The demonic crawler is lightly wounded.
You hit the demonic crawler but do no damage.
The demonic crawler is lightly wounded.
You barely miss the demonic crawler.
The demonic crawler is lightly wounded.
The demonic crawler hits you. The demonic crawler hits you! x2
You feel a strong urge to attack something.
There is an open door, spattered with blood here.
You hit the demonic crawler but do no damage.
The demonic crawler is lightly wounded.
You puncture the demonic crawler!
The demonic crawler is moderately wounded.
The demonic crawler hits you! The demonic crawler closely misses you.
The demonic crawler completely misses you.
You hit the demonic crawler but do no damage.
The demonic crawler is moderately wounded.
You puncture the demonic crawler!
The demonic crawler is heavily wounded.
You completely miss the demonic crawler.
The demonic crawler is heavily wounded.
The demonic crawler closely misses you. x2; The demonic crawler misses you.
You feel a strong urge to attack something.
You are no longer berserk.
You are exhausted.
You feel yourself slow down.
There is an open door here.
Things that are here:
a +0 scythe of protection; a +0 robe
There is an open door here.
You see here a +0 giant club.
The demonic crawler misses you. The demonic crawler hits you!
* * * LOW HITPOINT WARNING * * *
The demonic crawler hits you!
* * * LOW HITPOINT WARNING * * *
You feel yourself speed up. The demonic crawler hits you.
You die...

########################
#<.#.)'@s#.)'s.#__#..'..
#..'..#.ss..#.s'..'..#..
#..#####'#####'#__####).
#..####..#...#(####§§###
#..#__####..##[#≈§§§§#§.
#..#_____##'#_.§§§§.§§§.
#⌠⌠#_.∩...'..._#≈§§§§#§§
####_..__##_.#'##'#####+
#_____###'#.#§..§###P


You could see 3 demonic crawlers.

Vanquished Creatures
  2 centaur warriors (D)
  Sonja (D)
  A deep troll (D)
  2 kobold demonologists (D)
  A hornet (D)
  A slime creature (D)
  Sigmund (D)
  A yak (D)
  A floating eye (D)
  An ogre (D)
  A jelly (D)
  Ijyb (D)
  A ballistomycete spore (D)
15 creatures vanquished.

Vanquished Creatures (others)
  A gargoyle (D)
  A ballistomycete spore (D)
2 creatures vanquished.

Grand Total: 17 creatures vanquished

Notes
Turn   | Place    | Note
-------+----------+-------------------------------------------
     0 | D        | Hipnos the Spriggan Brigand began the quest for the Orb.
     0 | D        | Reached XP level 1. HP: 10/10 MP: 2/2
     1 | D        | Noticed Ijyb
     4 | D        | Killed Ijyb
     5 | D        | Reached skill level 10 in Stealth
     5 | D        | Reached XP level 2. HP: 15/15 MP: 3/3
   107 | D        | Noticed an ogre
   110 | D        | Killed an ogre
   111 | D        | Reached skill level 13 in Stealth
   111 | D        | Reached XP level 3. HP: 19/19 MP: 4/4
   111 | D        | Reached XP level 4. HP: 23/23 MP: 5/5
   119 | D        | Noticed Sigmund
   122 | D        | Killed Sigmund
   123 | D        | Reached skill level 17 in Stealth
   123 | D        | Reached XP level 5. HP: 28/28 MP: 6/6
   123 | D        | Reached XP level 6. HP: 32/32 MP: 7/7
   234 | D        | Found an ornate altar of the Wu Jian Council.
   234 | D        | Found a shimmering blue altar of Sif Muna.
   236 | D        | Found a radiant altar of Vehumet.
   242 | D        | Found Keti Gir's Magic Scroll Emporium.
   242 | D        | Found an ancient bone altar of Kikubaaqudgha.
   242 | D        | Found a hazy altar of Hepliaklqana.
   242 | D        | Found a stormy altar of Qazlal.
   242 | D        | Found a hide-covered altar of Uskayaw.
   242 | D        | Found a blossoming altar of Fedhas.
   242 | D        | Found a bloodstained altar of Trog.
   242 | D        | Found an iron altar of Okawaru.
   242 | D        | Found a basalt altar of Yredelemnul.
   242 | D        | Found a glowing golden altar of the Shining One.
   242 | D        | Found a snail-covered altar of Cheibriados.
   242 | D        | Found a sacrificial altar of Ru.
   242 | D        | Found a glowing silver altar of Zin.
   242 | D        | Found a shadowy altar of Dithmenos.
   242 | D        | Found a white marble altar of Elyvilon.
   242 | D        | Noticed a yak
   243 | D        | Found an opulent altar of Gozag.
   244 | D        | Killed a yak
   245 | D        | Reached skill level 19 in Stealth
   245 | D        | Found a sparkling altar of Nemelex Xobeh.
   250 | D        | Became a worshipper of Trog the Wrathful
   298 | D        | Found a burning altar of Makhleb.
   298 | D        | Found a viscous altar of Jiyva.
   298 | D        | Found a shimmering altar of Xom.
   298 | D        | Found a corrupted altar of Lugonu.
   298 | D        | Noticed a slime creature
   549 | D        | Noticed Sonja
   553 | D        | Killed Sonja
   554 | D        | Reached skill level 5 in Short Blades
   554 | D        | Reached skill level 22 in Stealth
   554 | D        | Reached XP level 7. HP: 36/36 MP: 8/8
   554 | D        | Reached XP level 8. HP: 41/41 MP: 9/9
   671 | D        | Found Itrych's Assorted Antiques.
   695 | D        | Noticed a deep troll
   699 | D        | Killed a deep troll
   700 | D        | Reached skill level 23 in Stealth
   709 | D        | Found Mipser's Armour Emporium.
   713 | D        | Bought the +0 hat of Divine Compulsion {rC+} for 216 gold
                  | pieces
   743 | D        | Bought a shiny steel ring for 130 gold pieces
   943 | D        | Noticed a centaur warrior
   943 | D        | Noticed a centaur warrior
   946 | D        | Killed a centaur warrior
   946 | D        | Reached * piety under Trog
   947 | D        | Reached skill level 25 in Stealth
   947 | D        | Reached XP level 9. HP: 45/45 MP: 10/10
   948 | D        | Killed a centaur warrior
   949 | D        | Reached skill level 26 in Stealth
   971 | D        | Noticed an oklob plant
  1246 | D        | Killed a gargoyle
  1269 | D        | Reached ** piety under Trog
  1270 | D        | Reached skill level 27 in Stealth
  1423 | D        | Noticed a kobold demonologist
  1424 | D        | Noticed a kobold demonologist
  1427 | D        | Killed a kobold demonologist
  1428 | D        | Reached skill level 5 in Throwing
  1428 | D        | Reached skill level 5 in Dodging
  1429 | D        | Killed a kobold demonologist
  1429 | D        | Reached *** piety under Trog
  1430 | D        | Reached skill level 5 in Fighting
  1433 | D        | Noticed a demonic crawler
  1433 | D        | Noticed a demonic crawler
  1433 | D        | Noticed a demonic crawler
  1433 | D        | Noticed a demonic crawler
  1459 | D        | HP: 2/47 [demonic crawler (11)]
  1460 | D        | Slain by a demonic crawler

Illustrated notes

Levels and vault maps discovered:
D:        dungeon_sprint_1 [red_sonja_temple_1, red_sonja_temple_small_1]

Skill      XL: |  1  2  3  4  5  6  7  8  9 |
---------------+----------------------------+-----
Stealth        | 10 13 17 22 25 27 | 27.0
Fighting       | 2 3 4 5 |  5.1
Short Blades   | 3 5 7 |  7.6
Dodging        | 2 3 5 |  5.5
Throwing       | 3 4 5 |  5.3

Action                   |  1- 3 |  4- 6 |  7- 9 || total
-------------------------+-------+-------+-------++-------
Melee: Dagger            |     2 |     5 |    53 ||    60
Invok: Berserk           |       |       |     3 ||     3
  Use: Potion            |       |       |     1 ||     1
 Stab: Sleeping          |     2 |     4 |     8 ||    14
Dodge: Dodged            |       |       |    12 ||    12
